 Dungeon Crawl Stone Soup version 0.28-a0-409-g6a72785379 (webtiles) character file.

Game seed: 6996724578722682661

291 Astera the Slasher (level 6, -9/49 HPs)
             Began as a Barachi Fighter on Sept 6, 2021.
             Was an Initiate of Makhleb.
             Mangled by an ogre (19 damage)
             ... on level 4 of the Dungeon.
             The game lasted 00:05:18 (2986 turns).

Astera the Slasher (Barachi Fighter)                Turns: 2986, Time: 00:05:19

Health: -9/49      AC:  9    Str: 17    XL:     6   Next: 32%
Magic:  6/6        EV: 10    Int:  8    God:    Makhleb [......]
Gold:   160        SH:  5    Dex: 14    Spells: 5/5 levels left

rFire   . . .      SeeInvis .   a - +0 long sword
rCold   . . .      Faith    .   c - +0 buckler
rNeg    . . .      Spirit   .   b - +0 scale mail
rPois   .          Reflect  .   i - +1 hat
rElec   .          Harm     .   (no cloak)
rCorr   .          Rampage  .   p - +0 pair of gloves
Will    .....                   (no boots)
Stlth   ..........              h - amulet of the acrobat
HPRegen 0.16/turn               (no ring)
MPRegen 0.10/turn               (no ring)

@: slow
A: amphibious, slowness 1, strong legs 1, +LOS
a: Hop, Renounce Religion


You were on level 4 of the Dungeon.
You worshipped Makhleb.
Makhleb was noncommittal.
You visited 1 branch of the dungeon, and saw 4 of its levels.

You collected 160 gold pieces.

Inventory:

Hand Weapons
 a - a +0 long sword (weapon)
Missiles
 n - a throwing net
Armour
 b - a +0 scale mail (worn)
 c - a +0 buckler (worn)
 i - a +1 hat (worn)
 p - a +0 pair of gloves (worn)
Jewellery
 h - an amulet of the acrobat (around neck)
Scrolls
 g - 6 scrolls of identify {unknown}
 j - 2 scrolls of noise {unknown}
 k - a scroll of brand weapon {unknown}
 l - a scroll of teleportation {unknown}
 m - a scroll of vulnerability {unknown}
Potions
 d - 2 potions of might
 e - a potion of magic {unknown}
 f - 2 potions of heal wounds {unknown}
 o - a potion of curing {unknown}


   Skills:
 + Level 4.5 Fighting
 + Level 5.4 Long Blades
 + Level 4.9 Armour
 + Level 1.3 Dodging
 + Level 4.1 Shields


You had 5 spell levels left.
You didn't know any spells.
Your spell library was empty.

Dungeon Overview and Level Annotations

Branches:
Dungeon (4/15)             Temple (0/1) D:4

Altars:
Makhleb


Innate Abilities, Weirdness & Mutations

You are amphibious.
You cover ground slowly.
You can hop short distances.
You have an extended range of vision and can be seen from far away.


Message History

The adder bites you but does no damage. x2
You slash the adder!
You kill the adder!
Makhleb accepts your kill.
Hop to where?
Press: ? - help, Q - select action, (/) - cycle Dir - move target, f - you
Okay, then.
Found a leather armour.
An ogre comes into view. It is wielding a +0 giant club.
Found a mace.
Found a stone staircase leading up.
The ogre shouts!
The ogre completely misses you.
You barely miss the ogre. You hit the ogre but do no damage.
The ogre barely misses you.
You slash the ogre!
The ogre is heavily wounded.
The ogre hits you with a +0 giant club!
You hit the ogre.
The ogre is heavily wounded.
The ogre barely misses you.
You closely miss the ogre.
The ogre is heavily wounded.
The ogre misses you.
You hit the ogre.
The ogre is severely wounded.
The ogre hits you with a +0 giant club!
You are too injured to fight recklessly!
You are too injured to fight recklessly!
You are too injured to fight recklessly!
You hit the ogre.
The ogre is severely wounded.
The ogre hits you with a +0 giant club!
* * * LOW HITPOINT WARNING * * *
You hit the ogre but do no damage.
The ogre is severely wounded.
The ogre barely misses you.
You hit the ogre but do no damage.
The ogre is severely wounded.
The ogre hits you with a +0 giant club!!
You die...

########..#######.......
....................####
.########..#######..####
###........#..##..
#......[##.#..##..
#..........#..##..
#..#....####..##..
#..#....####..##..
######@.#....##..).....
#....O..#.#.###........
#..)........# #........
#<..........# ###......
##..........# #......
.........!.... #......
.....#######.### #......
#####? ... ...#.... ..
##....#....


You could see an ogre.

Vanquished Creatures
  An ogre (D:4)
  A water moccasin skeleton (D:4)
  An orc wizard (D:3)
  6 adders
  An adder skeleton (D:4)
  3 dart slugs
  9 orcs (D:3)
  2 endoplasms
  3 giant cockroaches
  2 goblins
  2 hobgoblins (D:2)
  6 jackals
  5 kobolds
  A quokka (D:3)
  8 ball pythons
  4 bats
  2 frilled lizards (D:1)
  7 rats
64 creatures vanquished.

Notes
Turn   | Place    | Note
-------+----------+-------------------------------------------
     0 | D:1      | Astera the Barachi Fighter began the quest for the Orb.
     0 | D:1      | Reached XP level 1. HP: 18/18 MP: 1/1
   168 | D:1      | Reached XP level 2. HP: 25/25 MP: 2/2
  1020 | D:2      | Reached XP level 3. HP: 29/30 MP: 3/3
  1079 | D:2      | Reached skill level 3 in Long Blades
  1394 | D:2      | Found a faded altar of an unknown god.
  1459 | D:2      | Reached XP level 4. HP: 37/37 MP: 4/4
  2074 | D:3      | Reached skill level 1 in Dodging
  2234 | D:3      | Reached XP level 5. HP: 25/42 MP: 5/5
  2235 | D:3      | Reached skill level 4 in Long Blades
  2715 | D:3      | You fall into a shaft and drop 1 floor!
  2715 | D:4      | Found a burning altar of Makhleb.
  2720 | D:4      | Became a worshipper of Makhleb the Destroyer
  2755 | D:4      | Found a staircase to the Ecumenical Temple.
  2941 | D:4      | Noticed an ogre
  2952 | D:4      | Killed an ogre
  2953 | D:4      | Reached skill level 5 in Long Blades
  2953 | D:4      | Reached XP level 6. HP: 49/49 MP: 6/6
  2986 | D:4      | Mangled by an ogre

Illustrated notes

Levels and vault maps discovered:
D:1:      grunt_arrival_crossed_arrows, layout_loops_corners,
          chequers_serial_rivers_room_a
D:2:      layout_loops_cross, dreamdust_ecumenical_altar_angels_and_demons
D:3:      kennysheep_big_flooded_room, layout_loops_ring
D:4:      layout_basic, overflow_temple_1_default, lemuel_crystal_altar,
          minmay_temple_entry_purple_smoke, uniq_duvessa, uniq_natasha

Skill      XL: |  1  2  3  4  5 |
---------------+----------------+-----
Fighting       | 4 |  4.5
Armour         | 4 |  4.9
Long Blades    | 3 5 |  5.4
Dodging        | 1 |  1.3
Shields        | 4 |  4.1

Action                   |  1- 3 |  4- 6 || total
-------------------------+-------+-------++-------
Melee: Long sword        |   103 |   121 ||   224
Armor: Scale mail        |    48 |    52 ||   100
Dodge: Dodged            |    66 |    77 ||   143
Block: Buckler           |    28 |    36 ||    64

Table legend: (Time is in decaauts)
 A = Elapsed time spent in this place.
 B = Non-inter-level travel time spent in this place.
 C = Inter-level travel time spent in this place.
 D = Time resting spent in this place.
 E = Time spent auto-exploring this place.
 F = Levels seen in this place.
 G = Mean time per level.
                   A        B        C        D        E       F      G
               +--------+--------+--------+--------+--------+-----+--------+
         Total |   3451 |   3373 |     78 |      0 |   2775 |   4 |  862.8 |
       Dungeon |   3451 |   3373 |     78 |      0 |   2775 |   4 |  862.8 |
               +--------+--------+--------+--------+--------+-----+--------+

Top non-repeatable levels by time:
     D:2: 1123 daAuts
     D:1: 1038 daAuts
     D:3: 973 daAuts
     D:4: 315 daAuts
